 Dungeon Crawl Stone Soup version 0.25-a0-975-gcae8493d64 (webtiles) character file.

Game seed: 14070737399009852831, levelgen mode: classic

176815 Amnesiac the Stormcaller (level 17, -6/100 HPs)
             Began as a Deep Elf Air Elementalist on May 9, 2020.
             Was the Champion of Dithmenos.
             Mangled by an azure jelly (39 damage)
             ... created by the Royal Jelly
             ... on level 4 of the Pits of Slime.
             The game lasted 01:29:59 (46685 turns).

Amnesiac the Stormcaller (DEAE)                    Turns: 46685, Time: 01:30:00

Health: -6/100     AC: 24    Str:  5    XL:     17   Next: 52%
Magic:  0/42       EV: 24    Int: 28    God:    Dithmenos [******]
Gold:   1630       SH:  7    Dex: 18    Spells: 26/44 levels left

rFire    . . .     SeeInvis .   a - staff of air
rCold    . . .     Gourm    .   z - +2 buckler
rNeg     + . .     Faith    .   A - +2 robe {Archmagi}
rPois    .         Spirit   +   h - +2 hat {MR+}
rElec    +         Reflect  .   M - +5 cloak "Cuun Ziw" {rN+ MP+9}
rCorr    +         Harm     .   R - +1 pair of gloves {Dex+3}
MR       ++...                  U - +1 pair of boots {run}
Stlth    +++++++++.             S - amulet of guardian spirit
HPRegen  0.26/turn              Q - ring of resist corrosion
MPRegen  0.28/turn              T - ring of Robustness {AC+8}

@: wreathed by umbra, studying Stealth, quick
A: horns 1, low mp 1, screaming 1, no potion heal 1, sturdy frame 1
a: Shadow Step, Shadow Form, Renounce Religion


You were on level 4 of the Pits of Slime.
You worshipped Dithmenos.
Dithmenos was exalted by your worship.
You were very full.

You visited 6 branches of the dungeon, and saw 30 of its levels.
You also visited: Sewer and Gauntlet.

You collected 2647 gold pieces.
You spent 1017 gold pieces at shops.

Inventory:

Missiles
 t - 99 poisoned darts (quivered)
 V - 2 curare-tipped darts
Armour
 h - a +2 hat of magic resistance (worn)
 z - a +2 buckler (worn)
 A - a +2 robe of the Archmagi (worn)
 I - the +0 robe of Greed {rC+ Regen+ Stlth-}
   (You bought it in a shop on level 2 of the Orcish Mines)

   It protects you from cold.
   It increases your rate of regeneration.
   It makes you less stealthy.
 J - the +0 cloak of Achumm {rF++ Regen+ Int-3 Stlth+}
   (You found it on level 9 of the Dungeon)

   It affects your intelligence (-3).
   It greatly protects you from fire.
   It increases your rate of regeneration.
   It makes you more stealthy.
 M - the +5 cloak "Cuun Ziw" (worn) {rN+ MP+9}
   (You found it on level 9 of the Dungeon)

   It protects you from negative energy.
   It affects your magic capacity (+9).
 R - a +1 pair of gloves of dexterity (worn)
 U - a +1 pair of boots of running (worn)
Magical Staves
 a - an uncursed staff of air (weapon)
Jewellery
 m - an uncursed ring of flight
 n - an uncursed ring of protection from fire
 D - an uncursed ring of magical power
 E - an uncursed ring of magical power
 L - an uncursed ring of teleportation
 Q - a ring of resist corrosion (left hand)
 S - an amulet of guardian spirit (around neck)
 T - the ring of Robustness (right hand) {AC+8}
   (You took it off a minotaur in a Gauntlet)

   [ring of protection]

   It affects your AC (+8).
Wands
 k - a wand of paralysis (4)
 l - a wand of flame (17)
 p - a wand of enslavement (35)
 u - a wand of acid (21)
 x - a wand of polymorph (7)
 y - a wand of random effects (23)
 G - a wand of iceblast (6)
 H - a wand of disintegration (13)
Scrolls
 g - 5 scrolls of blinking {!r}
 j - 5 scrolls of fog {!r}
 s - 2 scrolls of fear {!r}
 w - 13 scrolls of teleportation {!r}
 C - 3 scrolls of magic mapping {!r}
 F - 12 scrolls of remove curse {!r}
 W - 2 scrolls of identify {!r}
Potions
 d - a potion of mutation {!q}
 e - a potion of resistance {!q}
 f - 7 potions of curing {!q}
 i - 6 potions of flight {!q}
 o - 3 potions of ambrosia {!q}
 r - 3 potions of invisibility {!q}
 N - 2 potions of might {!q}
 O - 2 potions of cancellation {!q}
 P - 5 potions of haste {!q}
Books
 q - a manual of Stealth
Miscellaneous
 b - a phial of floods (inert)
Comestibles
 c - 42 rations


   Skills:
 - Level 9.0 Fighting
 * Level 11.4 Staves
 - Level 15.0 Dodging
 - Level 12.0 Stealth
 - Level 4.0 Shields
 - Level 14.0 Spellcasting
 - Level 1.1 Conjurations
 - Level 1.0 Ice Magic
 - Level 15.0 Air Magic
 - Level 12.0 Invocations
 - Level 12.0 Evocations


You had 26 spell levels left.
You knew the following spells:

 Your Spells              Type           Power        Failure   Level  Hunger
a - Airstrike             Air            ########..   1%          4    None
b - Lightning Bolt        Conj/Air       #######...   2%          5    #......
c - Swiftness             Chrm/Air       #######.     1%          2    None
d - Shock                 Conj/Air       ####         1%          1    None
e - Static Discharge      Conj/Air       #######.     1%          3    None
z - Ozocubu's Armour      Chrm/Ice       ####....     6%          3    None

Your spell library contained the following spells:

 Spells                   Type           Power        Failure   Level  Hunger
 Freeze                   Ice            ####         1%          1    None
 Magic Dart               Conj           ####         1%          1    None
 Animate Skeleton         Necr           N/A          2%          1    None
 Apportation              Tloc           ####..       2%          1    None
 Corona                   Hex            ####...      2%          1    None
 Summon Small Mammal      Summ           ####         2%          1    None
 Searing Ray              Conj           #####.       2%          2    None
 Silence                  Hex/Air        #######...   3%          5    #......
 Slow                     Hex            ####....     4%          2    None
 Frozen Ramparts          Ice            #####.       5%          3    None
 Dazzling Flash           Conj/Hex       ####..       6%          3    None
 Confusing Touch          Hex            ####....     8%          3    None
 Gell's Gravitas          Tloc           ####......   8%          3    None
 Inner Flame              Hex/Fire       ####....     8%          3    None
 Portal Projectile        Hex/Tloc       ####..       8%          3    None
 Recall                   Summ/Tloc      N/A          8%          3    None
 Hailstorm                Conj/Ice       #####...     17%         4    None
 Fulminant Prism          Conj/Hex       ####......   22%         4    None
 Iskenderun's Mystic Bla  Conj/Tloc      ####....     22%         4    None
 Summon Ice Beast         Ice/Summ       ####....     22%         4    None
 Animate Dead             Necr           N/A          26%         4    None
 Cause Fear               Hex            ####......   26%         4    None
 Leda's Liquefaction      Hex/Erth       ####......   26%         4    None
 Petrify                  Tmut/Erth      ####....     26%         4    None
 Metabolic Englaciation   Hex/Ice        ####......   52%         5    #......
 Bolt of Magma            Conj/Fire/Erth ####......   54%         5    #......
 Aura of Abjuration       Summ           ####......   58%         5    #......
 Borgnjor's Vile Clutch   Necr/Erth      ####......   58%         5    #......
 Summon Demon             Summ           ####......   58%         5    #......
 Summon Forest            Summ/Tloc      ####......   58%         5    #......
 Summon Mana Viper        Hex/Summ       ####....     58%         5    #......
 Yara's Violent Unravell  Hex/Tmut       ####......   58%         5    #......
 Iron Shot                Conj/Erth      ####......   97%         6    ####...
 Simulacrum               Ice/Necr       ####......   97%         6    ####...
 Death Channel            Necr           ####......   99%         6    ####...
 Shadow Creatures         Summ           N/A          99%         6    ####...
 Statue Form              Tmut/Erth      ####.....    99%         6    ####...
 Tornado                  Air            ########..   99%         9    #######
 Discord                  Hex            ####......   100%        8    #######
 Ignition                 Fire           ####......   100%        8    #######
 Shatter                  Erth           ####......   100%        9    #######


Dungeon Overview and Level Annotations

Branches:
Dungeon (15/15)            Temple (1/1) D:6            Lair (6/6) D:9
 Shoals (0/4) Lair:2       Spider (1/4) Lair:2        Slime (5/5) Lair:6
    Orc (2/2) D:9             Elf (0/3) Orc:2        Vaults (0/5) D:14
 Depths (0/5) D:15          Sewer (visited)         Gauntlet (visited)

Altars:
Ashenzari
Cheibriados
Dithmenos
Elyvilon
Fedhas
Gozag
Hepliaklqana
Kikubaaqudgha
Makhleb
Nemelex Xobeh
Okawaru
Qazlal
Ru
Sif Muna
Trog
Uskayaw
Vehumet
Wu Jian
Xom
Yredelemnul
Zin
The Shining One
Beogh

Shops:
D:8 ?   D:15 =}%   Orc:2 }(=[

Annotations:
Slime:3 exclusion: downstairs
Slime:5 Royal Jelly


Innate Abilities, Weirdness & Mutations

You have a pair of small horns on your head.
Your magical capacity is low. (-10% MP)
You occasionally shout uncontrollably at your foes.
Potions are less effective at restoring your health.
Your movements are slightly less encumbered by armour. (ER -2)


Message History

The azure jelly barely misses you. You block the azure jelly's attack.
The azure jelly hits you. The azure jelly freezes you!!!
* * * LOW HITPOINT WARNING * * *
You emit a cloud of dark smoke.
The azure jelly hits you but does no damage. x3
Really quaff
v - 4 potions of heal wounds {!q}?
Your system partially rejects the healing.
You feel much better. You block the azure jelly's attack.
The azure jelly hits you but does no damage.
You block the azure jelly's attack. The azure jelly hits you!
* * * LOW HITPOINT WARNING * * *
Really quaff
v - 3 potions of heal wounds {!q}?
Your system partially rejects the healing.
You feel much better. The azure jelly misses you.
You block the azure jelly's attack.
The azure jelly hits you but does no damage.
The azure jelly barely misses you. What are your orders? t - Shout!
Orders for allies: a - Attack new target. p - Attack previous target. r - Retreat! s - Stop attacking. g - Guard the area. f - Follow me.
Anything else - Cancel.
Okay, then.
Unknown command.
Evoke which item? (* to show all) (? for menu, Esc to quit)
Okay, then.
The azure jelly hits you but does no damage.
The azure jelly barely misses you. x2; You block the azure jelly's attack.
Evoke which item? (* to show all) (? for menu, Esc to quit)
Aim the phial where?
Press: ? - help, Shift-Dir - straight line, f/p - azure jelly
Aim: an azure jelly (heavily wounded, umbra)
The torrent of water misses the azure jelly.
The wave splashes down.
Splash!
You fall into the shallow water.
The azure jelly splashes around in the water.
The azure jelly hits you!
* * * LOW HITPOINT WARNING * * *
The azure jelly freezes you!!
* * * LOW HITPOINT WARNING * * *
The azure jelly misses you.
The azure jelly hits you but does no damage.
The azure jelly barely misses you.
The azure jelly hits you but does no damage.
The azure jelly misses you.
The azure jelly splashes around in the water.
Unknown command.
Unknown command.
Okay, then.
Really quaff
v - 2 potions of heal wounds {!q}?
Your system partially rejects the healing.
You feel much better.
Really quaff
v - a potion of heal wounds {!q}?
Your system partially rejects the healing.
You feel much better. You block the azure jelly's attack.
The azure jelly closely misses you. The azure jelly hits you.
* * * LOW HITPOINT WARNING * * *
The azure jelly hits you but does no damage.
The azure jelly closely misses you. The azure jelly hits you.
* * * LOW HITPOINT WARNING * * *
The azure jelly freezes you!!!
You die...

###............#.§§§§........
##.#.............§.§§§........
#.............>..§§...........
##........#......§§....<......
.##..<.....##≈≈≈§§§§§.........
#.............≈≈≈≈.§§§§.......#.
##.##.##......≈≈≈≈.............#
# ###....<..≈J≈≈≈........##.##
##.#....≈@..≈.........###
#...............#......##.
##..............##........
##........#............##.
#.......###......#......#
##......###.......#.##.##
#......##.......##.####
##......##.##........#
##........###....#....


You could see an azure jelly.

Vanquished Creatures
  Jorgrun (D:14)
  15 acid blobs
  Gastronok (Orc:1)
  6 azure jellies
  The ghost of coffeespoons the Impaler, a journeyman MfFi of Ru (Orc:2)
  Nessos (D:15)
  A minotaur (Gauntlet)
  2 death oozes
  Josephine (Orc:1)
  A yaktaur captain (D:9)
  4 vault guards (D:14)
  Harold (Orc:1)
  3 great orbs of eyes
  9 hydras
  3 catoblepae
  3 ogre magi
  9 centaur warriors
  A death knight (D:15)
  A dancing weapon (Orc:2)
  11 two-headed ogres
  A queen ant (Gauntlet)
  The ghost of Xewecudo the Destroyer, a journeyman DEEE of Vehumet (Lair:3)
  9 death yaks
  2 tengu warriors (D:15)
  Urug (Lair:1)
  A deep elf knight (D:9)
  A sixfirhy (Gauntlet)
  7 skeletal warriors
  3 deep trolls
  6 unseen horrors
  A phantasmal warrior (D:15)
  A lindwurm (Lair:6)
  A harpy (shapeshifter) (D:9)
  A wolf spider (Lair:6)
  28 ugly things
  A deep elf mage (D:12)
  An orb spider (Lair:2)
  3 cyclopes
  The ghost of wullow the Stinger, a novice DsVM (D:7)
  5 shining eyes
  3 oklob plants (Lair:6)
  4 manticores
  5 black mambas
  2 guardian serpents (D:12)
  2 centaur zombies
  14 elephants
  2 gargoyles
  3 eyes of devastation (Slime:2)
  Joseph (Lair:1)
  A torpor snail (Lair:6)
  8 spiny frogs
  A minotaur zombie (Gauntlet)
  A kobold demonologist (D:14)
  5 rime drakes
  An efreet (D:13)
  7 komodo dragons
  A freezing wraith (D:15)
  A jumping spider (Spider:1)
  3 hornets
  19 trolls
  18 polar bears
  3 meliai (Gauntlet)
  A raiju (Lair:6)
  A hornet (shapeshifter) (D:14)
  107 slime creatures
  2 dream sheep (Lair:6)
  30 blink frogs
  9 hippogriffs
  A meliai zombie (D:14)
  Prince Ribbit (Lair:2)
  9 wraiths
  3 shadows
  16 yaks
  A hog (D:7)
  A fire bat (shapeshifter) (D:15)
  Grum (D:8)
  3 hungry ghosts
  4 basilisks
  4 golden eyes
  9 wargs
  2 vampire mosquitoes (D:14)
  5 soldier ants (Gauntlet)
  An acid dragon (D:14)
  A floating eye (Slime:2)
  10 water moccasins
  Duvessa (D:7)
  14 hell hounds (Lair:6)
  6 porcupines
  20 orc warriors
  2 sky beasts
  3 ice beasts
  17 black bears
  32 ogres
  A black mamba simulacrum (Lair:3)
  4 phantoms
  4 eyes of draining
  A necrophage (D:12)
  58 wolves
  5 boggarts
  14 centaurs
  18 crocodiles
  5 big kobolds
  11 bullfrogs
  A wyvern skeleton (D:13)
  Dowan (D:7)
  5 scorpions
  A blink frog simulacrum (Lair:3)
  10 killer bees
  11 wights
  An electric eel (Lair:3)
  A rime drake simulacrum (Lair:3)
  9 crimson imps
  2 bullfrog zombies
  8 hounds
  A quasit (D:5)
  21 jellies
  A wyvern simulacrum (Lair:3)
  8 centaur skeletons
  15 orc priests
  24 orc wizards
  A water moccasin simulacrum (Lair:3)
  2 bullfrog skeletons
  9 iguanas
  7 worker ants
  A basilisk simulacrum (Lair:3)
  A hound zombie (D:10)
  A hound skeleton (D:9)
  A worker ant zombie (D:10)
  2 crocodile simulacra (Lair:3)
  2 river rats
  18 adders
  2 shadow imps
  4 ufetubi (Gauntlet)
  An ooze (D:7)
  3 worms
  12 dart slugs
  7 leopard geckos
  68 orcs
  2 ball pythons (D:1)
  8 bats
  12 giant cockroaches
  6 goblins
  3 hobgoblins (D:2)
  18 jackals
  5 quokkas
  6 frilled lizards
  26 kobolds
  A quokka skeleton (D:6)
  9 rats
  2 plants (Lair:6)
1053 creatures vanquished.

Vanquished Creatures (others)
  An unseen horror (D:14)
  7 fungi
  13 plants (Lair:6)
21 creatures vanquished.

Grand Total: 1074 creatures vanquished

Notes
Turn   | Place    | Note
-------+----------+-------------------------------------------
     0 | D:1      | Amnesiac the Deep Elf Air Elementalist began the quest for
                  | the Orb.
     0 | D:1      | Reached XP level 1. HP: 10/10 MP: 6/6
   234 | D:1      | Reached XP level 2. HP: 15/15 MP: 6/8
   238 | D:1      | Learned a level 2 spell: Swiftness
   494 | D:2      | Reached XP level 3. HP: 19/19 MP: 0/10
  1023 | D:3      | Reached XP level 4. HP: 12/24 MP: 4/12
  1033 | D:3      | Learned a level 4 spell: Airstrike
  1270 | D:3      | Found a glowing drain.
  1274 | Sewer    | Entered a sewer
  1445 | Sewer    | Noticed a big kobold
  1460 | Sewer    | Killed a big kobold
  1460 | Sewer    | Reached skill level 5 in Air Magic
  1460 | Sewer    | Reached XP level 5. HP: 17/28 MP: 5/14
  1648 | Sewer    | Found a white marble altar of Elyvilon.
  1716 | D:4      | Reached skill level 5 in Spellcasting
  2065 | D:5      | Entered Level 5 of the Dungeon
  2093 | D:5      | Found a sacrificial altar of Ru.
  2093 | D:5      | Found an ancient bone altar of Kikubaaqudgha.
  2094 | D:5      | Found a shimmering altar of Xom.
  2624 | D:5      | Reached XP level 6. HP: 32/32 MP: 14/16
  3102 | D:5      | Reached XP level 7. HP: 31/36 MP: 11/18
  3171 | D:5      | Learned a level 5 spell: Lightning Bolt
  3349 | D:6      | Found an iron altar of Okawaru.
  3401 | D:6      | Found a glowing golden altar of the Shining One.
  3403 | D:6      | Found a bloodstained altar of Trog.
  3403 | D:6      | Found a blossoming altar of Fedhas.
  4217 | D:6      | Reached XP level 8. HP: 41/41 MP: 11/21
  4635 | D:6      | Found a staircase to the Ecumenical Temple.
  4649 | Temple   | Entered the Ecumenical Temple
  4883 | Temple   | Became a worshipper of Dithmenos the Shadowed
  6931 | D:7      | Found a runed translucent gate.
  6931 | D:7      | Found a runed translucent gate.
  6932 | D:7      | Found a runed translucent gate.
  6932 | D:7      | Noticed wullow's ghost (novice DsVM)
  6937 | D:7      | Killed wullow's ghost
  7132 | D:7      | Reached * piety under Dithmenos
  7355 | D:7      | Reached skill level 10 in Air Magic
  7520 | D:7      | Found a huge runed translucent gate.
  7520 | D:7      | Found a huge runed translucent gate.
  7520 | D:7      | Noticed a polar bear
  7521 | D:7      | Noticed a polar bear
  7522 | D:7      | Noticed a polar bear
  7523 | D:7      | Found a huge runed translucent gate.
  7523 | D:7      | Noticed a polar bear
  7523 | D:7      | Noticed a polar bear
  7523 | D:7      | Noticed a polar bear
  7523 | D:7      | Noticed a polar bear
  7524 | D:7      | Found a huge runed translucent gate.
  7524 | D:7      | Noticed a polar bear
  7525 | D:7      | Noticed a hippogriff
  7564 | D:8      | Noticed a slime creature
  7564 | D:8      | Noticed a slime creature
  7564 | D:8      | Noticed a slime creature
  7565 | D:8      | Noticed a slime creature
  7565 | D:8      | Noticed a slime creature
  7567 | D:8      | Noticed a slime creature
  7595 | D:8      | Reached XP level 9. HP: 16/45 MP: 0/24
  7994 | D:8      | Noticed Grum
  8042 | D:8      | Killed Grum
  8222 | D:8      | Reached skill level 10 in Spellcasting
  8450 | D:8      | Found Tianiar's Magic Scroll Emporium.
  8751 | D:8      | Bought a scroll of magic mapping for 35 gold pieces
  8751 | D:8      | Bought a scroll of amnesia for 35 gold pieces
  8751 | D:8      | Bought a scroll of enchant armour for 75 gold pieces
  8751 | D:8      | Bought a scroll of noise for 10 gold pieces
  8834 | D:7      | Noticed Duvessa
  8834 | D:7      | Noticed Dowan
  8848 | D:7      | Killed Dowan
  8848 | D:7      | Reached ** piety under Dithmenos
  9002 | D:7      | Killed Duvessa
  9639 | D:7      | Reached XP level 10. HP: 41/50 MP: 0/27
 11716 | D:9      | Got a transparent chain mail
 11910 | D:9      | Reached *** piety under Dithmenos
 12051 | D:9      | Found a staircase to the Orcish Mines.
 12053 | D:9      | Reached XP level 11. HP: 54/54 MP: 29/29
 12191 | D:9      | Found a staircase to the Lair.
 12421 | D:9      | Found a runed translucent door.
 12421 | D:9      | Noticed a deep elf knight
 12421 | D:9      | Noticed a yaktaur captain
 12421 | D:9      | Noticed a great orb of eyes
 12423 | D:9      | Noticed an eight-headed hydra
 12621 | D:9      | Noticed a shining eye
 12625 | D:9      | Killed a great orb of eyes
 12626 | D:9      | Killed a deep elf knight
 12643 | D:9      | Killed an eight-headed hydra
 12644 | D:9      | HP: 1/54 [yaktaur captain/bolt (37)]
 12813 | D:9      | Killed a yaktaur captain
 12927 | D:9      | Noticed a harpy
 12929 | D:9      | Killed a harpy
 13016 | D:9      | Got a polished cloak
 13018 | D:9      | Got a dazzling cloak
 13020 | D:9      | Got a transparent rapier
 13035 | D:9      | Identified the +0 cloak of Achumm {rF++ Regen+ Int-3
                  | Stlth+} (You found it on level 9 of the Dungeon)
 13045 | D:9      | Identified the +5 cloak "Cuun Ziw" {rN+ MP+9} (You found it
                  | on level 9 of the Dungeon)
 13052 | D:9      | Identified the cursed +0 chain mail of Dishonour {rElec}
                  | (You found it on level 9 of the Dungeon)
 13054 | D:9      | Identified the +2 rapier of Law {vorpal, Dex+4} (You found
                  | it on level 9 of the Dungeon)
 13115 | D:10     | Entered Level 10 of the Dungeon
 13127 | D:10     | Learned a level 3 spell: Ozocubu's Armour
 13213 | D:10     | Reached skill level 1 in Ice Magic
 13421 | D:10     | Killed an unseen horror
 13421 | D:10     | Reached skill level 1 in Shields
 13913 | D:10     | Reached **** piety under Dithmenos
 14766 | D:11     | Reached skill level 15 in Air Magic
 15598 | D:11     | Noticed a two-headed ogre
 15602 | D:11     | Killed a two-headed ogre
 15602 | D:11     | Reached XP level 12. HP: 60/60 MP: 32/32
 15977 | Orc:1    | Entered Level 1 of the Orcish Mines
 15979 | Orc:1    | Noticed Josephine
 15983 | Orc:1    | Killed Josephine
 15983 | Orc:1    | Reached skill level 1 in Fighting
 16008 | Orc:1    | Reached ***** piety under Dithmenos
 16190 | Orc:1    | Found a roughly hewn altar of Beogh.
 16193 | Orc:1    | Reached skill level 5 in Dodging
 16209 | Orc:1    | Noticed Harold
 16213 | Orc:1    | Killed Harold
 16502 | Orc:1    | Noticed Gastronok
 16507 | Orc:1    | Killed Gastronok
 17158 | Orc:2    | Entered Level 2 of the Orcish Mines
 17272 | Orc:2    | Found a staircase to the Elven Halls.
 17737 | Orc:2    | Noticed a two-headed ogre
 17740 | Orc:2    | Killed a two-headed ogre
 17814 | Orc:2    | Noticed a two-headed ogre
 17818 | Orc:2    | Killed a two-headed ogre
 17945 | Orc:2    | Noticed a two-headed ogre
 17948 | Orc:2    | Killed a two-headed ogre
 17948 | Orc:2    | Noticed an ogre mage
 17971 | Orc:2    | Killed an ogre mage
 18000 | Orc:1    | Reached skill level 10 in Dodging
 18549 | Orc:2    | Noticed a two-headed ogre
 18553 | Orc:2    | Killed a two-headed ogre
 18553 | Orc:2    | Reached skill level 5 in Fighting
 18553 | Orc:2    | Reached XP level 13. HP: 72/72 MP: 33/33
 19003 | Orc:2    | Found Ydessedyz's Jewellery Shop.
 19014 | Orc:2    | Found Ycru's Antique Armour Boutique.
 19015 | Orc:2    | Found Lyurat's Gadget Boutique.
 19015 | Orc:2    | Found Ofuprotue's Weapon Shoppe.
 19262 | Orc:2    | Found a runed translucent door.
 19262 | Orc:2    | Found a shimmering altar of Xom.
 19262 | Orc:2    | Noticed coffeespoons's ghost (journeyman MfFi)
 19702 | Orc:2    | Killed coffeespoons's ghost
 19945 | Orc:2    | Bought a crude robe for 119 gold pieces
 19955 | Orc:2    | Identified the cursed +0 robe of Greed {rC+ Regen+ Stlth-}
                  | (You bought it in a shop on level 2 of the Orcish Mines)
 19974 | Orc:2    | Bought an uncursed ring of magical power for 280 gold
                  | pieces
 19974 | Orc:2    | Bought a cursed ring of teleportation for 63 gold pieces
 20095 | D:8      | Bought 2 scrolls of brand weapon for 400 gold pieces
 21427 | D:12     | Got a jewelled flail
 21582 | D:12     | Reached ****** piety under Dithmenos
 21811 | D:12     | Got a brightly glowing war axe
 23264 | D:13     | Identified the +0 war axe of Gouza {flame, rElec} (You
                  | found it on level 12 of the Dungeon)
 23266 | D:13     | Identified the +7 flail "Saetuc" {freeze, rElec rN+ Int+5}
                  | (You found it on level 12 of the Dungeon)
 23535 | D:14     | Reached XP level 14. HP: 80/82 MP: 1/34
 24044 | D:14     | Reached skill level 15 in Dodging
 24870 | D:14     | Reached skill level 1 in Invocations
 24870 | D:14     | Reached skill level 1 in Evocations
 25838 | D:14     | Found a gate to the Vaults.
 26197 | D:15     | Entered Level 15 of the Dungeon
 26215 | D:15     | Reached skill level 5 in Stealth
 26273 | D:15     | Found Veroim's Jewellery Shop.
 27113 | D:15     | Reached skill level 5 in Invocations
 27113 | D:15     | Reached skill level 5 in Evocations
 27167 | D:15     | Found a glowing golden altar of the Shining One.
 27183 | D:15     | Noticed Nessos
 27187 | D:15     | Noticed Jorgrun
 27187 | D:15     | Killed Nessos
 27354 | Lair:1   | Entered Level 1 of the Lair of Beasts
 27593 | Lair:1   | Noticed Urug
 27595 | Lair:1   | Killed Urug
 27777 | Lair:1   | Noticed Joseph
 27780 | Lair:1   | Killed Joseph
 27879 | Lair:1   | Reached XP level 15. HP: 90/90 MP: 27/35
 28608 | Lair:2   | Found a hole to the Spider Nest.
 28661 | Lair:2   | Noticed Prince Ribbit
 28663 | Lair:2   | Killed Prince Ribbit
 28973 | Lair:2   | Found a staircase to the Shoals.
 29397 | Lair:2   | Got an encrusted mace
 29480 | Lair:2   | Got a scorched troll leather armour
 29675 | Lair:2   | Identified the +1 troll leather armour "Asakysox" {Regen+
                  | SInv} (You found it on level 2 of the Lair of Beasts)
 29701 | Lair:3   | Identified a paperback manual
 30411 | Lair:3   | Noticed Xewecudo's ghost (journeyman DEEE)
 30522 | Lair:3   | Found a runed translucent gate.
 30522 | Lair:3   | Found a runed translucent gate.
 30522 | Lair:3   | Found a runed translucent gate.
 31071 | Lair:3   | Killed Xewecudo's ghost
 31228 | Lair:3   | Got the ring "Wuasae" {Fire}
 31233 | Lair:3   | Identified the ring "Wuasae" {Fire rN+ Stlth+} (You found
                  | it on level 3 of the Lair of Beasts)
 32378 | Lair:5   | Reached skill level 10 in Stealth
 32447 | Lair:5   | Found a gate leading to a gauntlet.
 32463 | Gauntlet | Entered a Gauntlet
 32463 | Gauntlet | Found a transporter.
 32463 | Gauntlet | Found a transporter.
 32621 | Gauntlet | Found a transporter.
 32622 | Gauntlet | Found a transporter.
 32625 | Gauntlet | Found a transporter.
 32634 | Gauntlet | Found a transporter.
 32635 | Gauntlet | Found a transporter.
 32636 | Gauntlet | Found a transporter.
 32636 | Gauntlet | Found a transporter.
 32647 | Gauntlet | Found a transporter.
 32647 | Gauntlet | Found a transporter.
 32682 | Gauntlet | Found a transporter.
 32965 | Gauntlet | Identified the cursed +3 mace "Rummage" {freeze, MR+} (You
                  | found it on level 2 of the Lair of Beasts)
 33062 | Gauntlet | Got a shimmering rapier
 33248 | Lair:5   | Learned a level 3 spell: Static Discharge
 34609 | Lair:6   | Entered Level 6 of the Lair of Beasts
 34746 | Lair:6   | Found a staircase to the Slime Pits.
 36508 | Lair:6   | Reached XP level 16. HP: 96/96 MP: 36/36
 37008 | Lair:6   | Reached skill level 10 in Evocations
 37081 | Lair:6   | Reached skill level 10 in Invocations
 38151 | Lair:6   | Identified a +1 pair of boots of running (You found it in a
                  | Gauntlet)
 38151 | Lair:6   | Identified the +4 rapier "Awkeew" {elec, Dex+3} (You found
                  | it in a Gauntlet)
 38427 | D:14     | Reached skill level 1 in Staves
 38556 | D:14     | Killed Jorgrun
 39223 | D:15     | Found a staircase to the Depths.
 39593 | D:15     | Found Ibaryrgh's Food Shop.
 39616 | D:15     | Found Razxoxaq's Gadget Shoppe.
 40157 | Slime:1  | Entered Level 1 of the Pits of Slime
 40590 | Slime:2  | Reached skill level 5 in Staves
 41179 | Slime:2  | Noticed an acid blob
 41182 | Slime:2  | Killed an acid blob
 41191 | Slime:2  | Noticed an acid blob
 41196 | Slime:2  | Killed an acid blob
 41467 | Slime:2  | Gained mutation: You are clumsy. (Dex -2) [a shining eye]
 41590 | Slime:1  | Noticed an acid blob
 41595 | Slime:1  | Killed an acid blob
 41822 | Slime:1  | Noticed an acid blob
 41827 | Slime:1  | Killed an acid blob
 42051 | Spider:1 | Entered Level 1 of the Spider Nest
 42359 | Slime:2  | Noticed an acid blob
 42359 | Slime:2  | Noticed an acid blob
 42367 | Slime:2  | Killed an acid blob
 42374 | Slime:1  | Killed an acid blob
 42747 | Slime:3  | Noticed an acid blob
 42752 | Slime:3  | Killed an acid blob
 42768 | Slime:3  | Gained mutation: You are dopey. (Int -2) [a shining eye]
 42964 | Slime:1  | Reached XP level 17. HP: 74/100 MP: 14/37
 43064 | Slime:1  | Lost mutation: You are clumsy. (Dex -2) [potion of
                  | mutation]
 43064 | Slime:1  | Lost mutation: You are dopey. (Int -2) [potion of mutation]
 43064 | Slime:1  | Gained mutation: Potions are less effective at restoring
                  | your health. [potion of mutation]
 43064 | Slime:1  | Gained mutation: Your movements are slightly less
                  | encumbered by armour. (ER -2) [potion of mutation]
 43064 | Slime:1  | Gained mutation: You have a pair of small horns on your
                  | head. [potion of mutation]
 43237 | Slime:3  | Noticed an acid blob
 43241 | Slime:3  | Killed an acid blob
 43317 | Slime:4  | Noticed an acid blob
 43566 | Slime:4  | Noticed an acid blob
 43568 | Slime:5  | Entered Level 5 of the Pits of Slime
 43739 | Slime:5  | Noticed an acid blob
 43740 | Slime:5  | Killed an acid blob
 43743 | Slime:5  | Killed an acid blob
 43801 | Slime:5  | Gained mutation: Your magical capacity is low. (-10% MP) [a
                  | shining eye]
 43805 | Slime:5  | Noticed an acid blob
 43805 | Slime:5  | Gained mutation: You occasionally shout uncontrollably at
                  | your foes. [a shining eye]
 43821 | Slime:5  | Noticed an acid blob
 43823 | Slime:5  | Noticed an acid blob
 43824 | Slime:5  | Noticed an acid blob
 43827 | Slime:5  | Noticed an acid blob
 45722 | Slime:4  | Reached skill level 10 in Staves
 45877 | Slime:4  | Killed an acid blob
 46097 | Slime:5  | Noticed the Royal Jelly
 46100 | Slime:5  | Killed an acid blob
 46186 | Slime:5  | Noticed an acid blob
 46190 | Slime:5  | Killed an acid blob
 46190 | Slime:5  | Noticed an acid blob
 46192 | Slime:5  | Noticed an acid blob
 46471 | Slime:5  | Killed an acid blob
 46653 | Slime:5  | Noticed an acid blob
 46656 | Slime:5  | Killed an acid blob
 46658 | Slime:5  | Noticed an acid blob
 46685 | Slime:4  | Mangled by an azure jelly

Illustrated notes

Levels and vault maps discovered:
D:1:      mrwooster_arrival_statue_3, layout_rooms, minmay_misc_feat_columns,
          minmay_misc_feat_diagonals, kennysheep_nondescript
D:2:      layout_loops_ring
D:3:      kennysheep_slugbush, layout_basic, gup_sewer_entry_bowl
D:4:      cheibrodos_helix_gallery, layout_basic, first_ration
D:5:      layout_basic, gammafunk_temple_overflow_claw
D:6:      layout_basic, grunt_temple_overflow_open, minmay_temple_entry_arrows
D:7:      lemuel_bear_cage, layout_basic, ebering_ghost_rock_garden,
          grunt_ogre_cave, uniq_duvessa
D:8:      layout_cave_pods, serial_shops, shop_scrolls, uniq_grum
D:9:      minmay_gate_of_8, layout_basic, lair_entry_dummy, erik_orc_2
D:10:     layout_roguey, st_stairs_4
D:11:     layout_grid_maze, minmay_misc_feat_doors
D:12:     nrook_guardian_serpent_snake_passage, layout_basic
D:13:     layout_loops_corners
D:14:     cheibrodos_fzero, layout_basic, lightli_vaults_fourway_checkpoint,
          minmay_stone_trees_small
D:15:     hangedman_depths_entry_civil_slaughter, layout_loops_ring,
          serial_shops, nicolae_shop_trees, shop, shop_fountains,
          old_standard_altar, uniq_jorgrun, uniq_nessos
Temple:   regret_index_temple_generic_petals
Lair:1:   layout_loops_ring, st_stairs_8, uniq_joseph, uniq_urug
Lair:2:   layout_hall_layers, elwin_shoals_entry_rocks,
          nicolae_spider_entry_orb_guardian, beast_lair_carwin_2,
          serial_bayou_shore_b, infiniplex_staircase_pool_2, uniq_prince_ribbit2
Lair:3:   layout_loops_ring, gammafunk_ghost_icy, nicolae_quartered_pool_super
Lair:4:   layout_loops_ring
Lair:5:   layout_roguey, gauntlet_entry_generic, grunt_forest_large_clearings,
          grunt_megastairs_4
Lair:6:   hangedman_lair_in_review, layout_regular_city,
          hangedman_lair_caniforms_friends, minmay_slime_entry_jelly_boxes,
          serial_bayou_shore_b, minmay_lair_oklob_chamber
Spider:1: layout_spider_delve, uniq_rupert, uniq_aizul
Slime:1:  cheibrodos_slime_lost_civilization_10, layout_caves,
          cheibrodos_slime_lost_civilization_4
Slime:2:  layout_caves
Slime:3:  layout_caves
Slime:4:  layout_caves
Slime:5
Orc:1:    layout_diamond_mine, basic_altar, uniq_gastronok, uniq_josephine,
          uniq_harold
Orc:2:    st_orc_open, layout_caves, ebering_ghost_xom

Skill      XL: |  1  2  3  4  5  6  7  8  9 10 11 12 13 14 15 16 17 |
---------------+----------------------------------------------------+-----
Air Magic      | 4 5 6 8 10 12 13 15 | 15.0
Spellcasting   | 4 5 6 7 9 11 12 14 | 14.0
Ice Magic      | 1 |  1.0
Shields        | 4 |  4.0
Dodging        | 3 10 14 15 | 15.0
Fighting       | 5 7 9 |  9.0
Invocations    | 5 9 11 12 | 12.0
Evocations     | 5 9 11 12 | 12.0
Stealth        | 7 12 | 12.0
Staves         | 7 11 | 11.4
Conjurations   | |  1.1

Action                   |  1- 3 |  4- 6 |  7- 9 | 10-12 | 13-15 | 16-18 || total
-------------------------+-------+-------+-------+-------+-------+-------++-------
Melee: Unarmed           |     5 |     9 |       |       |       |       ||    14
       Great sword       |       |       |     7 |       |       |       ||     7
       Scimitar          |       |       |     1 |     2 |    96 |     5 ||   104
       Staff             |       |       |       |       |       |   124 ||   124
       Headbutt          |       |       |       |       |       |    17 ||    17
 Cast: Shock             |    75 |   103 |   219 |    52 |   112 |    48 ||   609
       Airstrike         |       |     2 |    46 |   339 |   748 |   454 ||  1589
       Lightning Bolt    |       |       |     4 |    28 |    40 |    13 ||    85
       Ozocubu's Armour  |       |       |       |     1 |     4 |       ||     5
       Swiftness         |       |       |       |       |     4 |     3 ||     7
Evoke: Wand              |       |       |       |       |       |     2 ||     2
       Phial of floods   |       |       |       |       |       |     1 ||     1
  Use: Scroll            |       |     2 |    11 |     8 |    24 |     4 ||    49
       Potion            |       |     2 |       |     1 |     2 |     7 ||    12
 Stab: Invisible         |       |     1 |       |       |       |       ||     1
  Eat: Chunk             |       |     7 |    16 |    28 |    45 |     7 ||   103
       Ration            |       |       |     1 |     1 |     3 |     9 ||    14
Armor: Robe              |     3 |     3 |    19 |    11 |   113 |   125 ||   274
Dodge: Dodged            |    22 |    30 |    97 |    90 |   441 |   357 ||  1037
Block: Buckler           |       |       |       |     5 |   136 |   116 ||   257
       Rpst.: Great sword |       |       |    19 |       |       |       ||    19
       Scimitar          |       |       |     2 |    15 |   114 |     8 ||   139

Table legend:
 A = Non-vault XP
 B = Vault XP
 C = Vault XP percentage of total XP
 D = Non-vault monster count
 E = Vault monster count
 F = Vault count percentage of total count
                 A         B        C        D         E       F
            +---------+---------+-------+---------+---------+-------
      Total |  157046 |   97493 |  38.3 |     716 |     335 |  31.9
            +---------+---------+-------+---------+---------+-------
        D:1 |      25 |       0 |   0.0 |      16 |       0 |   0.0
        D:2 |     119 |       0 |   0.0 |      32 |       0 |   0.0
        D:3 |      59 |      65 |  52.4 |      17 |      14 |  45.2
        D:4 |     107 |       1 |   0.9 |      13 |       1 |   7.1
        D:5 |     514 |       0 |   0.0 |      18 |       0 |   0.0
        D:6 |     646 |       0 |   0.0 |      20 |       0 |   0.0
        D:7 |     803 |    4568 |  85.0 |      12 |      22 |  64.7
        D:8 |    1874 |     720 |  27.8 |      30 |       4 |  11.8
        D:9 |     986 |    5907 |  85.7 |      20 |      29 |  59.2
       D:10 |    2712 |     500 |  15.6 |      44 |       2 |   4.3
       D:11 |    2527 |       0 |   0.0 |      22 |       0 |   0.0
       D:12 |    6908 |     812 |  10.5 |      34 |       2 |   5.6
       D:13 |    7210 |     923 |  11.3 |      34 |       1 |   2.9
       D:14 |   14537 |   12868 |  47.0 |      41 |      24 |  36.9
       D:15 |   17583 |    5190 |  22.8 |      43 |       7 |  14.0
     Temple |       2 |       0 |   0.0 |       1 |       0 |   0.0
     Lair:1 |    4103 |    1199 |  22.6 |      15 |       3 |  16.7
     Lair:2 |    3390 |    1859 |  35.4 |      16 |       8 |  33.3
     Lair:3 |    7524 |    1932 |  20.4 |      27 |      11 |  28.9
     Lair:4 |    5574 |     121 |   2.1 |      23 |       1 |   4.2
     Lair:5 |    9738 |    3921 |  28.7 |      29 |      33 |  53.2
     Lair:6 |    3244 |   20615 |  86.4 |      16 |      95 |  85.6
   Spider:1 |     301 |       0 |   0.0 |       1 |       0 |   0.0
    Slime:1 |   12732 |       0 |   0.0 |      26 |       0 |   0.0
    Slime:2 |   18089 |       0 |   0.0 |      37 |       0 |   0.0
    Slime:3 |   15994 |       0 |   0.0 |      45 |       0 |   0.0
    Slime:4 |    6925 |       0 |   0.0 |       9 |       0 |   0.0
    Slime:5 |    8675 |    9973 |  53.5 |      15 |       5 |  25.0
      Orc:1 |    1629 |    5754 |  77.9 |      23 |      10 |  30.3
      Orc:2 |    2516 |   15471 |  86.0 |      37 |      37 |  50.0
      Sewer |       0 |     120 | 100.0 |       0 |      10 | 100.0
   Gauntlet |       0 |    4974 | 100.0 |       0 |      16 | 100.0
            +---------+---------+-------+---------+---------+-------
